 Dungeon Crawl Stone Soup version 0.20-a0-303-g575bbf7 (webtiles) character file.

28505 nubinia the Destroyer (level 13, -8/70 HPs)
             Began as a Tengu Fire Elementalist on Dec 16, 2016.
             Was a High Priest of Sif Muna.
             Mangled by Kirke (12 damage)
             ... on level 4 of the Lair of Beasts.
             The game lasted 01:47:03 (21294 turns).

nubinia the Destroyer (Tengu Fire Elementalist)    Turns: 21294, Time: 01:47:03

Health: -8/70      AC: 10    Str: 12    XL:     13   Next: 39%
Magic:  12/26      EV: 21    Int: 19    God:    Sif Muna [*****.]
Gold:   438        SH: 11    Dex: 19    Spells: 11/29 levels left

rFire  . . .     SeeInvis +     a - +3 whip "Adabran" {drain, -Tele Str+3 SInv}
rCold  + . .     Gourm    .     L - +2 ring mail of Xelacs {Dex+3 Stlth+}
rNeg   + . .     Faith    .     C - +3 buckler {rN+}
rPois  .         Spirit   .     (helmet restricted)
rElec  .         Reflect  +     D - +0 cloak
rCorr  .         Harm     .     o - +0 pair of gloves
MR     .....     NoTele   +     (boots unavailable)
Stlth  +++.......               A - +3 amulet of reflection
                                Y - ring of protection from cold
                                m - +3 ring of evasion

@: flying quickly and evasively, slowed, divine energy, very slow
A: beak, talons 3, able to fly 1
a: Stop Divine Energy, Channel Magic, Forget Spell, Renounce Religion


You were on level 4 of the Lair of Beasts.
You worshipped Sif Muna.
Sif Muna was extremely pleased with you.
You were not hungry.

You visited 2 branches of the dungeon, and saw 15 of its levels.

You collected 733 gold pieces.
You spent 295 gold pieces at shops.

Inventory:

Hand Weapons
 a - the +3 whip "Adabran" (weapon) {drain, -Tele Str+3 SInv}
   (You took it off an orc on level 4 of the Dungeon)

   A truly terrible weapon, it drains the life of those it strikes.
   It affects your strength (+3).
   It lets you see invisible.
   It prevents most forms of teleportation.
 b - a +1 flail of protection
 h - a +2 dagger of freezing
 y - a +1 mace of protection
 F - a +2 whip of flaming
Armour
 o - a +0 pair of gloves (worn)
 q - a +2 robe
 C - a +3 buckler of positive energy (worn)
 D - a +0 cloak (worn)
 L - the +2 ring mail of Xelacs (worn) {Dex+3 Stlth+}
   (You found it on level 1 of the Lair of Beasts)

   It affects your dexterity (+3).
   It makes you more stealthy.
Magical Staves
 s - an uncursed staff of cold
Jewellery
 e - an uncursed ring of ice
 m - a +3 ring of evasion (left hand)
 A - a +3 amulet of reflection (around neck)
 G - an uncursed ring of ice
 I - an uncursed amulet of rage
 Y - a ring of protection from cold (right hand)
Wands
 g - a wand of acid (6/15)
 B - a wand of polymorph (8/24)
 P - a wand of acid (3/15)
 Q - a wand of iceblast (9/15)
 U - a wand of acid (10/15)
Scrolls
 f - 6 scrolls of remove curse
 n - 2 scrolls of amnesia
 r - 4 scrolls of recharging
 v - 4 scrolls of teleportation
 E - 2 scrolls of vulnerability
 R - 2 scrolls of magic mapping
Potions
 d - 5 potions of brilliance
 j - a potion of cancellation
 k - 2 potions of mutation
 p - a potion of agility
 t - 4 potions of curing
 u - 2 potions of flight
 w - a potion of lignification
 H - a potion of haste
 J - a potion of berserk rage
 N - a potion of ambrosia
Books
 i - Sif Muna's Catalogue of Attacks
   (Sif Muna gifted it to you on level 9 of the Dungeon)

   Spells                             Type                      Level
   a - Magic Dart                     Conjuration                  1
   b - Sting                          Conjuration/Poison           1
   c - Throw Flame                    Conjuration/Fire             2
   d - Static Discharge               Conjuration/Air              3
   e - Stone Arrow                    Conjuration/Earth            3
   f - Bolt of Magma                  Conjuration/Fire/Earth       5
   g - Venom Bolt                     Conjuration/Poison           5
 x - a book of Flames

   Spells                             Type                      Level
   a - Flame Tongue                   Conjuration/Fire             1
   b - Throw Flame                    Conjuration/Fire             2
   c - Conjure Flame                  Conjuration/Fire             3
   d - Inner Flame                    Hexes/Fire                   3
   e - Sticky Flame                   Conjuration/Fire             4
   f - Fireball                       Conjuration/Fire             5
 K - a book of Geomancy

   Spells                             Type                      Level
   a - Sandblast                      Earth                        1
   b - Passwall                       Transmutation/Earth          2
   c - Stone Arrow                    Conjuration/Earth            3
   d - Petrify                        Transmutation/Earth          4
   e - Lee's Rapid Deconstruction     Earth                        5
 O - a book of Frost

   Spells                             Type                      Level
   a - Freeze                         Ice                          1
   b - Throw Frost                    Conjuration/Ice              2
   c - Ozocubu's Armour               Charms/Ice                   3
   d - Throw Icicle                   Conjuration/Ice              4
   e - Summon Ice Beast               Ice/Summoning                4
 T - a book of Misfortune

   Spells                             Type                      Level
   a - Confusing Touch                Hexes                        1
   b - Confuse                        Hexes                        3
   c - Gell's Gravitas                Hexes/Translocation          3
   d - Petrify                        Transmutation/Earth          4
   e - Metabolic Englaciation         Hexes/Ice                    5
   f - Yara's Violent Unravelling     Hexes/Transmutation          5
 V - Sif Muna's Almanac of Confrontation
   (Sif Muna gifted it to you on level 1 of the Lair of Beasts)

   Spells                             Type                      Level
   a - Poisonous Cloud                Conjuration/Poison/Air       5
   b - Bolt of Draining               Conjuration/Necromancy       5
   c - Irradiate                      Conjuration/Transmutation    5
   d - Orb of Destruction             Conjuration                  7
 X - Sif Muna's Compendium of Confrontation
   (Sif Muna gifted it to you on level 3 of the Lair of Beasts)

   Spells                             Type                      Level
   a - Iskenderun's Battlesphere      Conjuration/Charms           5
   b - Bolt of Fire                   Conjuration/Fire             6
   c - Iron Shot                      Conjuration/Earth            6
Comestibles
 c - 4 bread rations
 l - 6 fruits
 z - 6 meat rations
 M - 3 beef jerkies
 W - 11 chunks of flesh


   Skills:
 + Level 3.9 Fighting
 - Level 1.0 Short Blades
 + Level 6.6 Maces & Flails
 * Level 4.9 Armour
 + Level 6.2 Dodging
 + Level 4.8 Stealth
 + Level 3.1 Shields
 + Level 8.5 Spellcasting
 * Level 13.8 Conjurations
 + Level 12.8 Fire Magic
 * Level 7.8 Air Magic
 + Level 0.1 Invocations


You had 11 spell levels left.
You knew the following spells:

 Your Spells              Type           Power        Failure   Level  Hunger
a - Flame Tongue          Conj/Fire      #####        1%          1    None
b - Throw Flame           Conj/Fire      ######       1%          2    None
c - Conjure Flame         Conj/Fire      ######..     1%          3    None
d - Sticky Flame          Conj/Fire      ######..     1%          4    ###....
e - Fireball              Conj/Fire      ######....   1%          5    #####..
f - Static Discharge      Conj/Air       #####...     1%          3    None


Dungeon Overview and Level Annotations

Branches:
Dungeon (11/15)            Temple (0/1) D:5            Lair (4/6) D:11
  Swamp (0/4) Lair:2       Spider (0/4) Lair:2
    Orc: D:9-12

Altars:
Ashenzari
Cheibriados
Dithmenos
Fedhas
Gozag
Hepliaklqana
Kikubaaqudgha
Makhleb
Qazlal
Sif Muna
Trog
Xom
The Shining One

Shops:
D:4 %}}   D:5 *   D:7 (::*}   D:8 ?

Annotations:
D:10 Fannar
Lair:4 Kirke, Nergalle


Innate Abilities, Weirdness & Mutations

You have a beak for a mouth.
You have claws for feet.
You can fly.


Message History

The lindwurm misses you. Kirke misses you. The yak closely misses you.
The lindwurm bites you!
* * * LOW HITPOINT WARNING * * *
The lindwurm claws you.
* * * LOW HITPOINT WARNING * * *
The lindwurm claws you.
* * * LOW HITPOINT WARNING * * *
Evoke which item? (* to show all) (? for menu, Esc to quit)
Zapping:
g - a wand of acid (?/15) (will waste charges)
Press: ? - help, Shift-Dir - straight line, f/p - Kirke
Aim: Kirke (severely wounded, covered in liquid flames, lightly drained)
The bolt of acid hits Kirke.
Kirke is splashed with acid.
The acid corrodes Kirke!
Kirke is severely wounded.
The bolt of acid hits the hog.
The hog is splashed with acid.
The acid corrodes the hog!
The hog is heavily wounded.
Evoking this partially-identified wand wasted a few charges.
Kirke burns!
Kirke stops burning.
Kirke hits you!
You die...

#.#..!. .. #..... #(.
..#.. ..### #####...
.... . ..... #..##.
#..# #...#####k###
#......h@@.#
#.......#Y.....#
.........#.#...P##..#
YY.##..##.###..........
. ### ### ##PP### #P#
#### #


You could see Kirke, a lindwurm, a yak and a hog.

Vanquished Creatures
  3 hydras
  A catoblepas (Lair:3)
  The ghost of Jano the Warrior, a novice OgFE of Ashenzari (D:6)
  Urug (Lair:3)
  Pikel (D:7)
  A manticore (D:11)
  A cyclops (D:11)
  6 elephants
  Joseph (D:7)
  2 black mambas (Lair:3)
  6 spiny frogs
  2 gargoyles (D:10)
  3 komodo dragons
  2 trolls
  A polar bear (Lair:2)
  A jumping spider (Lair:2)
  10 blink frogs
  8 hippogriffs
  3 redbacks (Lair:2)
  A shadow (D:11)
  A vampire (D:9)
  2 wraiths
  3 hogs
  A wyvern (Lair:1)
  16 yaks
  A basilisk (Lair:2)
  2 hungry ghosts
  Edmund (D:6)
  6 water moccasins
  11 porcupines
  7 orc warriors
  3 sky beasts
  A black bear (D:6)
  4 ice beasts
  2 eyes of draining
  4 phantoms
  3 ogres
  5 centaurs
  4 crocodiles
  3 big kobolds
  13 bullfrogs
  A gnoll sergeant (D:7)
  7 scorpions
  11 wights
  7 howler monkeys
  2 bullfrog zombies
  A quasit (D:8)
  4 crimson imps
  6 jellies
  5 orc priests
  2 bullfrog skeletons
  8 hounds
  9 orc wizards
  2 centaur skeletons
  3 iguanas
  8 worker ants
  A hound zombie (D:9)
  2 hound skeletons (D:4)
  A howler monkey zombie (D:10)
  A worker ant zombie (D:11)
  18 adders
  11 gnolls
  5 worms
  A dart slug (D:1)
  5 leopard geckos
  40 orcs
  3 ball pythons
  A giant cockroach (D:4)
  2 goblins
  4 hobgoblins
  10 jackals
  14 kobolds
  4 quokkas
  6 bats
  5 frilled lizards
  A leopard gecko skeleton (D:6)
  A leopard gecko zombie (D:8)
  8 rats
368 creatures vanquished.

Vanquished Creatures (others)
  3 slaves (D:7)
  A centaur (D:8)
  A scorpion (D:7)
  A gnoll (D:7)
  3 jackals (D:7)
  12 fungi
  A plant (D:11)
22 creatures vanquished.

Grand Total: 390 creatures vanquished

Notes
Turn   | Place    | Note
-------+----------+-------------------------------------------
     0 | D:1      | nubinia the Tengu Fire Elementalist began the quest for the Orb.
     0 | D:1      | Reached XP level 1. HP: 10/10 MP: 4/4
   198 | D:1      | Reached XP level 2. HP: 15/15 MP: 1/6
   258 | D:1      | Learned a level 2 spell: Throw Flame
   626 | D:2      | Found a deep blue altar of Sif Muna.
   643 | D:1      | Reached XP level 3. HP: 7/19 MP: 2/7
   861 | D:2      | Found a shadowy altar of Dithmenos.
   864 | D:2      | Found a shimmering altar of Xom.
  1225 | D:2      | Reached skill level 2 in Conjurations
  1427 | D:2      | Became a worshipper of Sif Muna the Loreminder
  1514 | D:2      | Reached XP level 4. HP: 23/24 MP: 1/8
  1874 | D:3      | You fall through a shaft!
  2044 | D:3      | Learned a level 3 spell: Conjure Flame
  2063 | D:3      | Found a shattered altar of Ashenzari.
  2160 | D:3      | Reached skill level 3 in Conjurations
  2162 | D:3      | Gained mutation: You can fly. [Tengu growth]
  2162 | D:3      | Reached XP level 5. HP: 26/28 MP: 0/9
  2282 | D:3      | Found a faded altar of an unknown god.
  3068 | D:4      | Reached skill level 4 in Conjurations
  3173 | D:3      | Reached XP level 6. HP: 23/33 MP: 5/11
  3271 | D:4      | Reached skill level 5 in Fire Magic
  3320 | D:4      | Noticed a phantom
  3337 | D:4      | Killed a phantom
  3337 | D:4      | Reached * piety under Sif Muna
  3546 | D:4      | Reached skill level 5 in Conjurations
  3855 | D:4      | Reached skill level 1 in Fighting
  3855 | D:4      | Reached XP level 7. HP: 38/38 MP: 9/12
  3879 | D:4      | Reached skill level 1 in Short Blades
  3997 | D:4      | Found Viren's Gadget Boutique.
  4151 | D:4      | Found Omi Upepivu's Gadget Shoppe.
  4213 | D:4      | Found a hazy altar of Hepliaklqana.
  4244 | D:4      | Found Plog's Food Shop.
  4273 | D:4      | You fall through a shaft for 3 floors!
  4461 | D:7      | Noticed Joseph
  4487 | D:7      | Found Jierunud's Book Shop.
  4493 | D:5      | Entered Level 5 of the Dungeon
  4648 | D:5      | Reached skill level 1 in Maces & Flails
  5016 | D:5      | Found a staircase to the Ecumenical Temple.
  5428 | D:4      | Reached ** piety under Sif Muna
  5428 | D:4      | Reached skill level 6 in Conjurations
  5429 | D:4      | Got a steaming whip {drain}
  5430 | D:4      | Identified the +3 whip "Adabran" {drain, -Tele Str+3 SInv} (You took it off an orc on level 4 of the Dungeon)
  5547 | D:5      | Reached XP level 8. HP: 43/43 MP: 3/14
  5971 | D:5      | Reached skill level 7 in Conjurations
  6036 | D:5      | Found Hepsiq's Assorted Antiques.
  6828 | D:6      | Learned a level 4 spell: Sticky Flame
  6864 | D:6      | Reached *** piety under Sif Muna
  6864 | D:6      | Reached XP level 9. HP: 48/48 MP: 7/16
  7022 | D:6      | Found a burning altar of Makhleb.
  7085 | D:6      | Found a stormy altar of Qazlal.
  7189 | D:6      | Noticed Edmund
  7201 | D:6      | Killed Edmund
  7217 | D:6      | Reached skill level 8 in Conjurations
  7410 | D:6      | Noticed Jano's ghost (novice OgFE)
  7667 | D:6      | Killed Jano's ghost
  7667 | D:6      | Reached skill level 5 in Spellcasting
  7667 | D:6      | Reached skill level 9 in Conjurations
  7782 | D:6      | Reached **** piety under Sif Muna
  8714 | D:7      | Killed Joseph
  8714 | D:7      | Reached XP level 10. HP: 48/54 MP: 11/19
  9029 | D:7      | Found Woferhie's Book Shoppe.
  9069 | D:7      | Found Irig's Weapon Shop.
  9214 | D:7      | Found Xeaweadi's General Store.
  9218 | D:7      | Bought a +2 buckler of positive energy for 203 gold pieces
  9287 | D:7      | Learned a level 5 spell: Fireball
  9422 | D:7      | Found Xenymues's Gadget Shop.
  9481 | D:7      | Found a snail-covered altar of Cheibriados.
  9515 | D:7      | Reached skill level 10 in Conjurations
  9521 | D:7      | Noticed Pikel
  9539 | D:7      | Killed Pikel
  9674 | D:7      | Found a bloodstained altar of Trog.
  9858 | D:7      | Found a blossoming altar of Fedhas.
  9860 | D:7      | Found an ancient bone altar of Kikubaaqudgha.
 10305 | D:6      | Reached skill level 10 in Fire Magic
 10514 | D:5      | Bought a yellow potion for 24 gold pieces
 10514 | D:5      | Bought a pink potion for 24 gold pieces
 10758 | D:8      | Found a glowing golden altar of the Shining One.
 10802 | D:8      | Found Mowikask's Magic Scroll Emporium.
 10907 | D:8      | Reached skill level 1 in Shields
 11263 | D:9      | Found an opulent altar of Gozag.
 11389 | D:9      | Reached ***** piety under Sif Muna
 11389 | D:9      | Identified Sif Muna's Catalogue of Attacks (Sif Muna gifted it to you on level 9 of the Dungeon)
 11389 | D:9      | Received a gift from Sif Muna
 11390 | D:9      | Reached skill level 5 in Maces & Flails
 11390 | D:9      | Reached skill level 5 in Dodging
 11499 | D:9      | Learned a level 3 spell: Static Discharge
 11593 | D:9      | Reached XP level 11. HP: 60/60 MP: 7/22
 11689 | D:9      | Reached skill level 11 in Conjurations
 11721 | D:9      | Reached skill level 1 in Air Magic
 12558 | D:10     | Entered Level 10 of the Dungeon
 13463 | D:10     | Noticed Fannar
 13591 | D:10     | Noticed a four-headed hydra
 14275 | D:11     | Noticed a manticore
 14283 | D:11     | Killed a manticore
 14838 | D:11     | Reached skill level 12 in Conjurations
 15170 | D:8      | Bought a scroll of identify for 22 gold pieces
 15171 | D:8      | Bought a scroll of identify for 22 gold pieces
 15219 | D:11     | Noticed a cyclops
 15229 | D:11     | Killed a cyclops
 15361 | D:11     | Found a staircase to the Lair.
 15378 | Lair:1   | Entered Level 1 of the Lair of Beasts
 15466 | Lair:1   | Identified Sif Muna's Almanac of Confrontation (Sif Muna gifted it to you on level 1 of the Lair of Beasts)
 15466 | Lair:1   | Received a gift from Sif Muna
 15646 | Lair:1   | Reached XP level 12. HP: 64/64 MP: 17/24
 15667 | Lair:1   | Found a shadowy altar of Dithmenos.
 15948 | Lair:1   | Reached skill level 5 in Air Magic
 16237 | Lair:1   | Got a faintly glowing ring mail
 16248 | Lair:1   | Identified the +2 ring mail of Xelacs {Dex+3 Stlth+} (You found it on level 1 of the Lair of Beasts)
 16562 | Lair:2   | Found a hole to the Spider Nest.
 16872 | Lair:2   | Reached skill level 1 in Armour
 16930 | Lair:2   | Noticed a four-headed hydra
 16940 | Lair:2   | Killed a four-headed hydra
 17638 | Lair:2   | Noticed a seven-headed hydra
 17648 | Lair:2   | Killed a seven-headed hydra
 18024 | Lair:2   | Found a staircase to the Swamp.
 18705 | Lair:3   | Noticed a catoblepas
 18718 | Lair:3   | Killed a catoblepas
 18718 | Lair:3   | Reached skill level 13 in Conjurations
 18906 | Lair:3   | Noticed a six-headed hydra
 19037 | Lair:3   | Killed a six-headed hydra
 19043 | Lair:3   | Noticed Urug
 19304 | Lair:3   | Reached XP level 13. HP: 57/70 MP: 18/26
 19629 | Lair:3   | Killed Urug
 19629 | Lair:3   | Identified Sif Muna's Compendium of Confrontation (Sif Muna gifted it to you on level 3 of the Lair of Beasts)
 19629 | Lair:3   | Received a gift from Sif Muna
 20672 | Lair:4   | Noticed Kirke
 21074 | Lair:4   | Noticed Nergalle
 21294 | Lair:4   | Mangled by Kirke

Vault maps used:
D:1:      scummos_arrival_gate, corexii_leaking_fountain
D:2:      lemuel_round_altar, grunt_dithmenos_smoke_and_mirrors,
          xom_teletrap_fun, first_bread
D:3:      chequers_ecumenical_altar_simple, ashenzari_altar_1
D:4:      kennysheep_little_box, serial_shops, kennysheep_mini_moat,
          nicolae_shop_trees, shop
D:5:      serial_shops, shop
D:6:      cheibrodos_helix_gallery, lemuel_coloured_pillars_altar,
          old_standard_altar, minmay_misc_feat_doors, uniq_edmund
D:7:      grunt_temple_overflow_growth_and_decay,
          nicolae_overflow_hidden_temple, lemuel_crystal_altar, serial_shops,
          nicolae_shop_crystal, nicolae_shop_crystal, shop_statue,
          nicolae_shop_competitors_out_of_business, kennysheep_mini, uniq_pikel,
          uniq_joseph
D:8:      lemuel_round_altar, serial_shops, shop
D:9:      old_forge, nicolae_gozag_cash_rules_everything_around_me
D:10:     uniq_fannar
D:11:     grunt_lair_entry_orc_guard_hut, minmay_orc_entry_temple_small
Lair:1:   serial_forest, infiniplex_forest_clump_medium,
          infiniplex_forest_clump_small, infiniplex_forest_lined_1,
          infiniplex_forest_clump_medium, infiniplex_forest_lined_4_way,
          infiniplex_forest_clump_C, infiniplex_forest_clump_long, basic_altar,
          grunt_megastairs_1
Lair:2:   swamp_mist_pool, spider_nest_entry_funnel_web, minivault_23,
          nicolae_quartered_pool_little
Lair:3:   grunt_megastairs_2, uniq_urug
Lair:4:   beast_lair_carwin_7, uniq_nergalle, uniq_kirke

Skill      XL: |  1  2  3  4  5  6  7  8  9 10 11 12 13 |
---------------+----------------------------------------+-----
Fire Magic     | 4 5 6 7 9 10 11 12 | 12.8
Conjurations   | 2 3 4 5 6 7 9 10 12 13 | 13.8
Spellcasting   | 3 4 5 6 7 8 |  8.5
Fighting       | 1 2 3 |  3.9
Dodging        | 3 4 5 6 |  6.2
Short Blades   | 1 |  1.0
Maces & Flails | 1 3 4 5 6 |  6.6
Stealth        | 3 4 |  4.8
Shields        | 1 2 3 |  3.1
Air Magic      | 4 7 |  7.8
Armour         | 3 4 |  4.9
Invocations    | |  0.1

Action                   |  1- 3 |  4- 6 |  7- 9 | 10-12 | 13-15 || total
-------------------------+-------+-------+-------+-------+-------++-------
Melee: Dagger            |    15 |    43 |       |       |       ||    58
       Kick              |     3 |    10 |    33 |   104 |    28 ||   178
       Peck              |     1 |     8 |    27 |    59 |    23 ||   118
       Flail             |       |     5 |    29 |       |       ||    34
       Mace              |       |     4 |       |       |       ||     4
       Whip              |       |       |   109 |   387 |    79 ||   575
 Cast: Flame Tongue      |    49 |    72 |   149 |   314 |    31 ||   615
       Throw Flame       |       |     9 |    46 |   130 |    17 ||   202
       Conjure Flame     |       |     1 |     5 |    12 |     1 ||    19
       Sticky Flame      |       |       |     4 |    34 |    17 ||    55
       Fireball          |       |       |       |    24 |    10 ||    34
Invok: Divine Energy     |       |     1 |       |       |       ||     1
       Channel Magic     |       |       |       |     1 |       ||     1
 Abil: Fly               |       |     7 |    27 |    61 |     8 ||   103
Evoke: Wand              |       |       |       |       |     3 ||     3
  Use: Scroll            |     3 |     4 |    12 |    13 |     1 ||    33
       Potion            |       |       |     2 |     1 |     1 ||     4
 Stab: Sleeping          |     2 |       |     3 |     6 |       ||    11
       Distracted        |       |       |     1 |     1 |       ||     2
       Held in net/web   |       |       |       |     1 |       ||     1
       Petrifying        |       |       |       |     1 |       ||     1
       Petrified         |       |       |       |     1 |       ||     1
  Eat: Chunk             |     2 |     8 |    18 |    47 |     9 ||    84
       Pizza             |       |       |     1 |       |     1 ||     2
       Beef jerky        |       |       |     1 |     2 |       ||     3
       Royal jelly       |       |       |       |     2 |       ||     2
       Fruit             |       |       |       |     1 |     1 ||     2
Armor: Robe              |     2 |    10 |    23 |    28 |       ||    63
       Ring mail         |       |       |       |     6 |    20 ||    26
Dodge: Dodged            |    17 |    72 |   142 |   256 |    79 ||   566
Block: Other             |       |       |     9 |     1 |       ||    10
       Reflection        |       |       |     1 |     6 |     3 ||    10
       Buckler           |       |       |       |   190 |    48 ||   238
